AoeStats
← Harvey Birdman

Nomad

507255720Analyzed
4v4 RM · 16d ago on Sep 17, 2026· 20m 10s· 8 players
Game mode
Random Map
Map size
231×231
Population
200
Speed
Normal
Resources
Standard
Victory
Conquest
Starting age
Dark Age
Ending age
Imperial Age
RankedLock teamsTeams togetherTeam positionsShared explorationLock speedFull tech treeHidden civsTurbo modeCheats
Victory
Defeat
🇹🇼 Persians · Taiwan
1145
+14
🇨🇳 Mongols · China
1132
+15
🇨🇳 Japanese · China
1127
+15
🇨🇳 Wei · China
1120
+15
🇦🇺 Persians · Australia
1157
-17
🇦🇺 Huns · Australia
1143
-16
🇦🇺 Spanish · Australia
1072
-13
🇦🇺 Jurchens · Australia
1070
-13
The Knight
5:08 Loom
13:53 Feudal Age
16:20 Fletching
19:27 Fishing Lines
笑春风
4:23 Loom
14:02 Feudal Age
15:04 Fishing Lines
18:19 Castle Age
17:48 Wheelbarrow
17:01 Double-Bit Axe
16:58 Horse Collar
17:47 Fletching
17:58 Padded Archer Armor
19:23 Gillnets
20:16 Bow Saw
吉北豪
4:00 Loom
14:54 Feudal Age
18:41 Double-Bit Axe
19:34 Town Watch
sinkhere
4:22 Loom
14:44 Feudal Age
16:26 Horse Collar
16:32 Double-Bit Axe
21:14 Castle Age
Harvey Birdman
3:53 Loom
Houseington
6:14 Loom
14:32 Feudal Age
19:05 Castle Age
16:54 Double-Bit Axe
17:02 Fishing Lines
20:15 Scale Barding Armor
Necandum
17:13 Feudal Age
20:46 Castle Age
Scythian Wild Woman
3:11 Loom
13:02 Feudal Age
Connection lost

Rejoining the realm…

Still unreachable

The connection could not be restored.

Session expired

The server has moved on; the page needs a fresh start.